 Dungeon Crawl Stone Soup version 0.16-a0-3940-gf8a207b (webtiles) character file.

171 Johnny the Ruffian (level 5, -3/52 HPs)
             Began as a Troll Fighter on Feb 7, 2015.
             Killed by divine providence
             ... invoked by an orc priest
              (12 damage)
             ... on level 4 of the Dungeon.
             The game lasted 00:02:38 (1641 turns).

Johnny the Ruffian (Troll Fighter)                  Turns: 1641, Time: 00:02:38

Health: -3/52      AC:  6    Str: 24    XL:     5   Next: 26%
Magic:  2/2        EV:  8    Int:  4    God:
Gold:   212        SH:  8    Dex: 10    Spells: 0 memorised, 4 levels left

rFire  . . .     SeeInvis .       - Unarmed
rCold  . . .     Clarity  .     b - +0 robe
rNeg   . . .     SustAb   .     c - +0 shield
rPois  .         Gourm    +     o - +1 hat
rElec  .         Spirit   .     (no cloak)
rCorr  .         Warding  .     (gloves unavailable)
rMut   .         Stasis   .     (boots unavailable)
MR     .....                    (no amulet)
Stlth  +.........               (no ring)
                                (no ring)

@: not resistant to hostile enchantments, very unstealthy
A: unfitting armour, claws 3, fast metabolism 3, gourmand, regeneration 2,
shaggy fur 1, tough skin 2
a: no special abilities


You were on level 4 of the Dungeon.
You were not hungry.

You visited 1 branch of the dungeon, and saw 4 of its levels.

You collected 212 gold pieces.

Inventory:

Armour
 b - a +0 robe (worn)
 c - a +0 shield (worn)
 o - a +1 hat (worn)
Scrolls
 h - a scroll of immolation {unknown}
 j - a scroll of enchant weapon {unknown}
 k - 5 scrolls of identify {unknown}
 m - 2 scrolls of amnesia {unknown}
 n - a scroll of blinking {unknown}
 p - a scroll of recharging {unknown}
 q - 4 scrolls of magic mapping {unknown}
 v - a scroll of enchant armour {unknown}
Potions
 d - a potion of decay {unknown}
 e - 2 potions of might
 f - a potion of magic {unknown}
 g - a potion of agility {unknown}
 i - 2 potions of resistance {unknown}
 l - 3 potions of lignification {unknown}
 r - a potion of berserk rage {unknown}
 s - a potion of curing {unknown}
 t - a potion of haste {unknown}
Comestibles
 a - 3 meat rations
 u - a bread ration


   Skills:
 * Level 2.9 Fighting
 + Level 1.6 Throwing
 + Level 2.6 Armour
 * Level 1.9 Dodging
 + Level 2.6 Shields
 * Level 3.3 Unarmed Combat


You had 4 spell levels left.
You didn't know any spells.

Dungeon Overview and Level Annotations

Branches:
Dungeon (4/15)
 Temple: D:4-7

Altars:


Innate Abilities, Weirdness & Mutations

You are too large for most types of armour.
You have claws for hands.
Your metabolism is lightning-fast.
You like to eat raw meat.
You heal very quickly.
You are covered in fur (AC +1).
You have very tough skin (AC +2).


Message History

The orc priest hits you with a hand axe.
You block the orc's attack.
You closely miss the orc priest.
The orc priest is severely wounded.
The orc hits you.
The orc priest calls down the wrath of Beogh upon you.
Pain shoots through your body!
* * * LOW HITPOINT WARNING * * *
The adder skeleton bites you but does no damage.
The orc priest hits you with a hand axe.
* * * LOW HITPOINT WARNING * * *
You closely miss the orc priest. The orc closely misses you.
The adder skeleton bites you.
* * * LOW HITPOINT WARNING * * *
You block the orc's attack.
The orc priest calls upon Beogh to heal the orc priest.
The orc priest is healed somewhat.
The orc priest calls down the wrath of Beogh upon you.
Something smites you!
You die...

...........................#####.
.................................
.................................
........ ...................#####
........ ....................#
........ ................(...#
....... ....................#
....... .......o................
....... .......o@...............
...... .....[.ooZ.............
..... ..................... ....
.................... ...
................. ..
............. . .....#..... .
......... . .


You could see 2 orc priests, 2 orcs and an adder skeleton.

Vanquished Creatures
  An orc wizard (D:4)
  9 adders
  2 worms (D:2)
  A giant gecko (D:1)
  7 bats
  2 giant cockroaches (D:2)
  4 goblins
  7 hobgoblins
  8 jackals
  2 kobolds
  2 giant newts (D:3)
  9 rats
54 creatures vanquished.

Notes
Turn   | Place    | Note
--------------------------------------------------------------
     0 | D:1      | Johnny, the Troll Fighter, began the quest for the Orb.
     0 | D:1      | Reached XP level 1. HP: 22/22 MP: 1/1
    72 | D:1      | Reached XP level 2. HP: 29/29 MP: 1/1
   225 | D:1      | Reached skill level 1 in Dodging
   437 | D:2      | Reached XP level 3. HP: 32/36 MP: 2/2
   923 | D:2      | Reached XP level 4. HP: 39/44 MP: 2/2
  1026 | D:2      | Reached skill level 1 in Throwing
  1257 | D:3      | Reached skill level 3 in Unarmed Combat
  1581 | D:4      | Reached XP level 5. HP: 48/52 MP: 2/2
  1641 | D:4      | Killed from afar by an orc priest

Action                   |  1- 3 |  4- 6 || total
-------------------------+-------+-------++-------
Melee: Unarmed           |    95 |    71 ||   166
 Stab: Sleeping          |       |     1 ||     1
  Eat: Chunk             |     7 |     4 ||    11
       Bread ration      |     1 |       ||     1
